 Dungeon Sprint DCSS version 0.28.0-53-g5a82cb258f (webtiles) character file.

Game seed: 11003339281708114947

9700000 Groucho the Intangible (level 27, -46/174 HPs)
             Began as a Spriggan Abyssal Knight on June 7, 2022.
             Was the Champion of Makhleb.
             Killed by the air
             ... invoked by a tyrant
              (55 damage)
             ... in the Dungeon (Sprint VIII: "Arena of Blood").
             The game lasted 00:07:51 (97 turns).

Groucho the Intangible (Spriggan Abyssal Knight)      Turns: 97, Time: 00:07:52

Health: -46/174    AC:  4    Str:  9    XL:     27
Magic:  37/55      EV: 50    Int: 15    God:    Makhleb [******]
Gold:   0          SH:  0    Dex: 26    Spells: 80/80 levels left

rFire   . . .      SeeInvis +   i - +∞ Axe of Woe
rCold   . . .      Faith    .   (shield currently unavailable)
rNeg    . . .      Spirit   .   b - +0 robe
rPois   .          Reflect  .   (helmet restricted)
rElec   .          Harm     .   (no cloak)
rCorr   .          Rampage  .   (gloves unavailable)
Will    ++++.      NoTele   +   (boots unavailable)
Stlth   ++........              (no amulet)
HPRegen 0.39/turn               p - +250 ring of slaying
MPRegen 0.34/turn               (no ring)

@: slowed, quick
A: very small, no large weapons, unfitting armour, see invisible, speed 3
a: Renounce Religion, Minor Destruction, Lesser Servant of Makhleb, Major
Destruction, Greater Servant of Makhleb


You were in the Dungeon.
You worshipped Makhleb.
Makhleb was exalted by your worship.
You visited 1 branch

Inventory:

Hand Weapons
 a - a +1 hand axe
 i - the +∞ Axe of Woe (weapon)
   (You found it in the Dungeon)
Armour
 b - a +0 robe (worn)
Jewellery
 j - a +30 ring of slaying
 k - a +200 ring of slaying
 l - a +100 ring of slaying
 m - a +200 ring of slaying
 n - a +200 ring of slaying
 o - a +200 ring of slaying
 p - a +250 ring of slaying (left hand)
 q - a +250 ring of slaying
Scrolls
 h - a scroll of blinking
Potions
 c - a potion of curing
 d - a potion of heal wounds
 e - a potion of haste
 f - 2 potions of magic
 g - a potion of berserk rage


   Skills:
 O Level 27 Fighting
 O Level 27 Short Blades
 O Level 27 Long Blades
 O Level 27 Axes
 O Level 27 Maces & Flails
 O Level 27 Polearms
 O Level 27 Staves
 O Level 27 Slings
 O Level 27 Bows
 + Level 9.3 Crossbows
 O Level 27 Throwing
 O Level 27 Armour
 O Level 27 Dodging
 O Level 27 Shields
 O Level 27 Unarmed Combat
 O Level 27 Spellcasting
 + Level 7.1 Conjurations
 O Level 27 Hexes
 + Level 7.8 Summonings
 O Level 27 Necromancy
 O Level 27 Translocations
 O Level 27 Transmutations
 + Level 7.8 Fire Magic
 O Level 27 Air Magic
 O Level 27 Earth Magic
 O Level 27 Poison Magic
 O Level 27 Invocations
 O Level 27 Evocations


You had 80 spell levels left.
You didn't know any spells.
Your spell library was empty.

Dungeon Overview and Level Annotations

Branches:
Dungeon (1/1)

Altars:
Makhleb


Innate Abilities, Weirdness & Mutations

You are very small and have problems with some larger weapons.
You are too small for most types of armour.
You have supernaturally acute eyesight. (SInv)
You cover ground extremely quickly. (Speed+++)


Message History

Makhleb accepts your kill.
You feel better.
You hear a shout! x8
A bag of meat comes into view. It is wielding a +9 war axe.
You hear a shout! x3
The eight-headed meat hydra calls on the powers of darkness!
The eight-headed meat hydra convulses!
The bag of meat convulses! x2
The meat berserker convulses!
Your body is wracked with pain!
You hear a shout!
You have mastered Maces & Flails!
You have mastered Polearms!
You have mastered Staves!
You need to enable at least one skill for training.
Your Crossbows skill gained 9 levels and is now at level 9!
Your Conjurations skill gained 7 levels and is now at level 7!
Your Summonings skill gained 7 levels and is now at level 7!
Your Fire Magic skill gained 7 levels and is now at level 7!
Unknown command.
Unknown command.
p - a +250 ring of slaying (left hand)
You hear a shout! x3
The observer gazes at you. Something smites you!
* * * LOW HITPOINT WARNING * * *
You hear a shout! x3; You hear a croak.
Unknown command.
You hear a shout!
The eight-headed meat hydra calls on the powers of darkness!
The eight-headed meat hydra convulses!
The bag of meat convulses!
The observer convulses!
The observer turns its gaze towards you.
Your body is wracked with pain!
* * * LOW HITPOINT WARNING * * *
The observer pulsates ominously.
The observer gazes at you. Something smites you!
* * * LOW HITPOINT WARNING * * *
You hear a shout! x5
The tyrant waves its bony arms in wide circles.
The air twists around and strikes you!!!
You die...

...X ...X.......
... ..... #..
....# . #.. ...#
.. ..###..
...###.D.
......)###.....z..
......))_...O.GL..
.....#.))@.#...
.M. #_)G)_# .
.....#.)o).#....
......)_........
......###.......
.###.. ...###..
#.. ...# . #..
...# .. ...


You could see a tyrant, an eight-headed meat hydra, 2 observers, a sculptor of
flesh, a meat berserker (berserk) and a bag of meat.

Vanquished Creatures
  14 vampire knights (D)
  21 ogres (D)
  7 two-headed ogres (D)
  4 liches (D)
  A hydra (D)
  4 hell beasts (D)
  36 orcs (D)
  2 phantoms (D)
  5 skeletal warriors (D)
  6 royal mummies (D)
100 creatures vanquished.

Notes
Turn   | Place    | Note
-------+----------+-------------------------------------------
     0 | D        | Found the +∞ Axe of Woe
     0 | D        | Groucho the Spriggan Abyssal Knight began the quest for the
                  | Orb.
     0 | D        | Reached XP level 1. HP: 11/11 MP: 3/3
     1 | D        | Noticed a bag of meat
     2 | D        | Noticed a bag of meat
     4 | D        | Fell from the grace of Lugonu
     4 | D        | Became a worshipper of Makhleb the Destroyer
     7 | D        | Killed a bag of meat
     7 | D        | Noticed a meat berserker
     7 | D        | Noticed a bag of meat
     8 | D        | Reached skill level 15 in Axes
     8 | D        | Reached XP level 2. HP: 16/16 MP: 4/4
     8 | D        | Reached XP level 3. HP: 19/19 MP: 5/5
     8 | D        | Reached XP level 4. HP: 23/23 MP: 6/6
     8 | D        | Reached XP level 5. HP: 27/27 MP: 7/7
     8 | D        | Reached XP level 6. HP: 32/32 MP: 8/8
     8 | D        | Reached XP level 7. HP: 35/35 MP: 9/9
     8 | D        | Reached XP level 8. HP: 39/39 MP: 10/10
     8 | D        | Reached XP level 9. HP: 43/43 MP: 11/11
     8 | D        | Reached XP level 10. HP: 47/47 MP: 12/12
     9 | D        | Killed a bag of meat
     9 | D        | Reached * piety under Makhleb
    10 | D        | Reached XP level 11. HP: 51/51 MP: 13/13
    10 | D        | Noticed a bag of meat
    10 | D        | Noticed a bag of meat
    10 | D        | Noticed a bag of meat
    11 | D        | Killed a meat berserker
    11 | D        | Noticed a meat berserker
    11 | D        | Noticed a meat berserker
    11 | D        | Noticed a meat berserker
    12 | D        | Reached skill level 27 in Dodging
    12 | D        | Reached XP level 12. HP: 56/56 MP: 14/14
    12 | D        | Reached XP level 13. HP: 59/59 MP: 15/15
    12 | D        | Noticed a bag of meat
    12 | D        | Noticed a meat berserker
    13 | D        | Noticed a bag of meat
    14 | D        | Killed a bag of meat
    14 | D        | Noticed a bag of meat
    14 | D        | Noticed a bag of meat
    15 | D        | Noticed a bag of meat
    15 | D        | Noticed a meat berserker
    16 | D        | Noticed a meat berserker
    16 | D        | Noticed a bag of meat
    17 | D        | Killed a bag of meat
    17 | D        | Reached ** piety under Makhleb
    17 | D        | Killed a meat berserker
    18 | D        | Reached skill level 27 in Axes
    18 | D        | Reached skill level 5 in Armour
    18 | D        | Reached XP level 14. HP: 72/72 MP: 16/16
    18 | D        | Noticed a bag of meat
    18 | D        | Noticed a bag of meat
    18 | D        | Noticed a bag of meat
    18 | D        | Noticed a bag of meat
    19 | D        | Killed a meat berserker
    19 | D        | Killed a meat berserker
    19 | D        | Reached *** piety under Makhleb
    19 | D        | Killed a meat berserker
    20 | D        | Reached skill level 15 in Armour
    20 | D        | Reached XP level 15. HP: 93/93 MP: 17/17
    21 | D        | Reached XP level 16. HP: 101/101 MP: 18/18
    22 | D        | Killed a meat berserker
    22 | D        | Reached **** piety under Makhleb
    22 | D        | Noticed a meat berserker
    23 | D        | Killed a meat berserker
    25 | D        | Noticed a meat berserker
    26 | D        | Noticed a meat berserker
    26 | D        | Noticed a large bag of meat
    28 | D        | Noticed an eight-headed meat hydra
    29 | D        | Reached ***** piety under Makhleb
    29 | D        | Noticed a meat berserker
    30 | D        | Reached XP level 17. HP: 119/119 MP: 19/19
    30 | D        | Noticed a destroyer
    30 | D        | Noticed a large bag of meat
    30 | D        | Killed a large bag of meat
    30 | D        | Noticed a destroyer
    30 | D        | Noticed a large bag of meat
    30 | D        | Noticed a destroyer
    31 | D        | Reached skill level 27 in Fighting
    32 | D        | Reached skill level 27 in Armour
    32 | D        | Reached skill level 10 in Unarmed Combat
    32 | D        | Reached XP level 18. HP: 116/127 MP: 20/20
    32 | D        | Killed a meat berserker
    33 | D        | Killed a destroyer
    33 | D        | Reached ****** piety under Makhleb
    33 | D        | Killed a meat berserker
    33 | D        | Noticed a large bag of meat
    33 | D        | Noticed a destroyer
    34 | D        | Reached XP level 19. HP: 62/132 MP: 21/21
    34 | D        | Killed a destroyer
    34 | D        | Killed a meat berserker
    34 | D        | Noticed a destroyer
    35 | D        | Reached skill level 27 in Unarmed Combat
    35 | D        | Killed a meat berserker
    35 | D        | Noticed a destroyer
    36 | D        | Noticed a destroyer
    37 | D        | Killed a destroyer
    37 | D        | Killed a destroyer
    37 | D        | Killed a nine-headed meat hydra
    37 | D        | Noticed a large bag of meat
    38 | D        | Reached skill level 27 in Invocations
    38 | D        | Reached skill level 10 in Throwing
    38 | D        | Reached XP level 20. HP: 120/137 MP: 21/38
    38 | D        | Killed a destroyer
    38 | D        | Killed a large bag of meat
    39 | D        | Noticed a destroyer
    39 | D        | Noticed a destroyer
    39 | D        | Killed a destroyer
    39 | D        | Noticed a destroyer
    39 | D        | Noticed a destroyer
    40 | D        | Killed a large bag of meat
    41 | D        | Killed a destroyer
    41 | D        | Killed a large bag of meat
    41 | D        | Killed a large bag of meat
    41 | D        | Noticed a meat berserker
    42 | D        | Reached skill level 27 in Spellcasting
    42 | D        | Reached skill level 27 in Evocations
    42 | D        | Reached XP level 21. HP: 59/142 MP: 22/53
    43 | D        | Reached skill level 27 in Throwing
    43 | D        | Reached skill level 5 in Hexes
    45 | D        | Reached skill level 10 in Transmutations
    45 | D        | Noticed an accursed
    45 | D        | Killed a destroyer
    45 | D        | Noticed a large bag of meat
    46 | D        | Killed a destroyer
    47 | D        | Reached skill level 15 in Poison Magic
    47 | D        | Reached XP level 22. HP: 148/148 MP: 23/54
    47 | D        | Noticed a tyrant
    49 | D        | Killed a destroyer
    49 | D        | Killed a destroyer
    50 | D        | Reached skill level 27 in Translocations
    50 | D        | Reached skill level 27 in Transmutations
    50 | D        | Noticed an accursed
    51 | D        | Killed an accursed
    52 | D        | Reached skill level 27 in Hexes
    52 | D        | Reached skill level 27 in Poison Magic
    52 | D        | Noticed an accursed
    53 | D        | Killed a large bag of meat
    54 | D        | Reached skill level 10 in Short Blades
    54 | D        | Reached XP level 23. HP: 83/153 MP: 25/55
    54 | D        | Killed a tyrant
    54 | D        | Noticed a tyrant
    54 | D        | Noticed a tyrant
    55 | D        | HP: 2/153 [accursed/divine providence (13)]
    56 | D        | Noticed an accursed
    57 | D        | Reached skill level 15 in Short Blades
    58 | D        | Noticed a meat beast
    61 | D        | Killed an accursed
    62 | D        | Reached XP level 24. HP: 83/158 MP: 27/55
    62 | D        | Killed a meat beast
    63 | D        | Reached skill level 27 in Short Blades
    63 | D        | Reached skill level 27 in Slings
    63 | D        | Reached skill level 27 in Bows
    64 | D        | Killed a tyrant
    64 | D        | Noticed a meat beast
    67 | D        | Noticed a destroyer
    68 | D        | Killed an accursed
    68 | D        | Noticed a destroyer
    69 | D        | Reached skill level 27 in Shields
    69 | D        | Reached XP level 25. HP: 70/163 MP: 28/55
    69 | D        | Noticed an accursed
    70 | D        | Killed a meat beast
    71 | D        | Killed a tyrant
    71 | D        | Noticed a meat beast
    71 | D        | Noticed a large bag of meat
    73 | D        | Noticed a destroyer
    74 | D        | Noticed an accursed
    75 | D        | Killed a destroyer
    76 | D        | Reached XP level 26. HP: 147/169 MP: 30/55
    76 | D        | Killed a meat beast
    77 | D        | Reached skill level 27 in Necromancy
    77 | D        | Reached skill level 27 in Air Magic
    77 | D        | Reached skill level 27 in Earth Magic
    77 | D        | Reached skill level 10 in Maces & Flails
    77 | D        | Reached skill level 10 in Polearms
    77 | D        | Reached skill level 10 in Staves
    78 | D        | Killed an accursed
    79 | D        | Killed an accursed
    80 | D        | Reached XP level 27. HP: 160/174 MP: 31/55
    80 | D        | Killed a large bag of meat
    80 | D        | Killed a destroyer
    81 | D        | Killed a destroyer
    81 | D        | Noticed a tyrant
    83 | D        | Killed an accursed
    88 | D        | Killed a tyrant
    90 | D        | Noticed a meat beast
    94 | D        | Noticed a tyrant
    95 | D        | Reached skill level 27 in Long Blades
    95 | D        | Killed a meat beast
    96 | D        | Reached skill level 27 in Maces & Flails
    96 | D        | Reached skill level 27 in Polearms
    96 | D        | Reached skill level 27 in Staves
    97 | D        | Killed from afar by a tyrant

Illustrated notes

Levels and vault maps discovered:
D:        meatsprint

Skill      XL: |  1  2  3  4  5  6  7  8  9 10 11 12 13 14 15 16 17 18 19 20 21 22 23 24 25 26 27 |
---------------+----------------------------------------------------------------------------------+-----
Axes           | 15 17 22 27 | 27.0
Dodging        | 23 26 27 | 27.0
Fighting       | 7 16 18 26 27 | 27.0
Armour         | 5 15 17 24 27 | 27.0
Unarmed Combat | 10 25 27 | 27.0
Invocations    | 27 | 27.0
Throwing       | 10 25 27 | 27.0
Spellcasting   | 12 27 | 27.0
Evocations     | 13 27 | 27.0
Hexes          | 18 27 | 27.0
Translocations | 21 27 | 27.0
Transmutations | 19 27 | 27.0
Poison Magic   | 15 27 | 27.0
Short Blades   | 10 23 27 | 27.0
Slings         | 11 25 27 | 27.0
Bows           | 11 25 27 | 27.0
Shields        | 7 17 27 | 27.0
Necromancy     | 13 25 27 | 27.0
Air Magic      | 13 25 27 | 27.0
Earth Magic    | 13 25 27 | 27.0
Long Blades    | 18 27 | 27.0
Maces & Flails | 17 27 | 27.0
Polearms       | 17 27 | 27.0
Staves         | 17 27 | 27.0
Crossbows      | 9 |  9.3
Conjurations   | 7 |  7.1
Summonings     | 7 |  7.8
Fire Magic     | 7 |  7.8

Action                   |  1- 3 |  4- 6 |  7- 9 | 10-12 | 13-15 | 16-18 | 19-21 | 22-24 | 25-27 || total
-------------------------+-------+-------+-------+-------+-------+-------+-------+-------+-------++-------
Melee: Broad axe         |     1 |       |       |     2 |     4 |     9 |    11 |    16 |    17 ||    60
Invok: Greater Servant o |       |       |       |       |       |       |     1 |       |       ||     1
Armor: Robe              |       |       |       |       |       |       |       |     1 |       ||     1
Dodge: Dodged            |       |       |       |       |       |       |       |       |     4 ||     4
